 Dungeon Crawl Stone Soup version 0.17-a0-1-g1f4be75 (webtiles) character file.

1396 asthiss the Basher (level 8, -3/85 HPs)
             Began as a Minotaur Berserker on Mar 13, 2015.
             Was a High Priest of Trog.
             Slain by Prince Ribbit (4 damage)
             ... on level 5 of the Dungeon.
             The game lasted 00:44:03 (4642 turns).

asthiss the Basher (Minotaur Berserker)             Turns: 4642, Time: 00:44:04

Health: -3/85      AC:  5    Str: 24    XL:     8   Next: 41%
Magic:  3/3        EV: 11    Int:  4    God:    Trog [*****.]
Gold:   280        SH:  0    Dex: 10    Spells: 0 memorised, 7 levels left

rFire  x . .     SeeInvis .     w - melded +0 whip (freeze)
rCold  + + +     Clarity  .     d - melded +0 plate armour
rNeg   . . .     SustAb   .     (shield currently unavailable)
rPois  +         Gourm    .     (helmet currently unavailable)
rElec  .         Spirit   .     (cloak currently unavailable)
rCorr  .         Warding  .     q - melded +1 pair of gloves
rMut   .         Stasis   .     y - melded +2 pair of boots {Fly}
MR     .....                    (no amulet)
Stlth  +.........               (no ring)
                                v - ring of flight

@: about to teleport, ice-form, flying, not resistant to hostile enchantments,
very unstealthy
A: (retaliatory headbutt), (horns 0)
a: Burn Spellbooks, Berserk, Trog's Hand, Brothers in Arms, Renounce Religion,
Stop Flying


You were on level 5 of the Dungeon.
You worshipped Trog.
Trog was extremely pleased with you.
You were not hungry.
You were a creature of crystalline ice.
You visited 1 branch of the dungeon, and saw 5 of its levels.

You collected 280 gold pieces.

Inventory:

Hand weapons
 a - a +1 mace
 u - a +0 short sword of speed
 w - a +0 whip of freezing (melded)
 B - a +0 flail
 G - a +1 rapier of freezing
Missiles
 t - 5 tomahawks of returning (quivered)
Armour
 c - a +2 ring mail of fire resistance
 d - a +0 plate armour (melded)
 q - a +1 pair of gloves (melded)
 y - a +2 pair of boots of flying (melded)
 z - a +2 robe of magic resistance
Jewellery
 v - a ring of flight (left front paw)
Magical devices
 o - a wand of digging (23)
Scrolls
 b - a scroll of noise
 x - a scroll of recharging
 F - a scroll of identify
Potions
 f - a potion of resistance {unknown}
 h - 3 potions of flight {unknown}
 i - a potion of brilliance {unknown}
 j - 2 potions of mutation {unknown}
 k - 2 potions of cure mutation {unknown}
 l - a potion of restore abilities {unknown}
 m - 2 potions of poison {unknown}
 n - a potion of degeneration {unknown}
 p - 3 potions of curing {unknown}
 C - a potion of lignification {unknown}
 D - 2 potions of invisibility {unknown}
 E - a potion of might {unknown}
Comestibles
 g - 10 fruits
 r - a royal jelly
 A - 2 meat rations


   Skills:
 + Level 6.5 Fighting
 * Level 8.8 Maces & Flails
 + Level 6.1 Armour
 + Level 5.3 Dodging


You had 7 spell levels left.
You didn't know any spells.

Dungeon Overview and Level Annotations

Branches:
Dungeon (5/15)
 Temple: D:4-7

Altars:

Annotations:
D:5 Prince Ribbit


Innate Abilities, Weirdness & Mutations

((You reflexively headbutt those who attack you in melee.))
((You have a pair of horns on your head.))


Message History

Your +0 whip of freezing melds into your body.
Your +1 pair of gloves melds into your body.
Your +2 pair of boots of flying melds into your body.
Your +0 plate armour melds into your body.
Your +0 whip of freezing stops glowing.
Prince Ribbit hits you!
You barely miss the orc wizard.
The orc wizard is moderately wounded.
Prince Ribbit hits you!
* * * LOW HITPOINT WARNING * * *
The orc wizard zaps a wand.
Prince Ribbit hits you.
* * * LOW HITPOINT WARNING * * *
You feel much better.
The orc wizard zaps a wand.
Prince Ribbit hits you!
* * * LOW HITPOINT WARNING * * *
As you read the scroll of teleportation, it crumbles to dust.
You feel strangely unstable. Prince Ribbit hits you!!
* * * LOW HITPOINT WARNING * * *
The orc wizard casts a spell at you. The puff of flame misses you.
Prince Ribbit hits you.
You die...

.......## .......#
........# ##......##
.....#..# #.......... #
......#.## #.........# #
.........###........#
#....
#.[......##.........# #..
#.##.........#?.....###.
#.##
#.######..#.....o........
#... ..#
#..###..FY..%..... #...
.## #..## #.......##...
###.... .## ##.##
##.....## .......
..####..# #....## ...#..
.......# #...## #..##.
######.## #.... #..##. #
###..######.... ##.....
####.†....#......#
##..#... #.....##.....#
..# ##..#.......


You could see Prince Ribbit and an orc wizard.

Vanquished Creatures
  Eustachio (D:5)
  3 slaves (D:5)
  An ogre (D:4)
  A big kobold (D:4)
  A scorpion (D:4)
  5 hounds
  A crimson imp (D:5)
  A jelly (D:5)
  A giant frog zombie (D:5)
  An orc priest (D:3)
  3 iguanas
  2 worker ants
  3 orc wizards
  Ijyb (D:2)
  A hound skeleton (D:4)
  5 adders
  2 river rats (D:5)
  2 shadow imps (D:5)
  3 worms (D:4)
  An ufetubus (D:5)
  An adder zombie (D:3)
  An ooze (D:5)
  9 orcs
  A bat zombie (D:5)
  6 giant cockroaches
  12 hobgoblins
  7 jackals
  7 quokkas
  12 bats
  3 giant geckos
  A giant gecko skeleton (D:4)
  7 giant newts
  7 goblins
  A jackal skeleton (D:4)
  33 kobolds
  16 rats
163 creatures vanquished.

Vanquished Creatures (collateral kills)
  Pikel (D:5)
  A hound (D:5)
2 creatures vanquished.

Vanquished Creatures (others)
  A giant gecko (D:5)
  A plant (D:4)
2 creatures vanquished.

Grand Total: 167 creatures vanquished

Notes
Turn   | Place    | Note
--------------------------------------------------------------
     0 | D:1      | asthiss, the Minotaur Berserker, began the quest for the Orb.
     0 | D:1      | Reached XP level 1. HP: 19/19 MP: 1/1
   451 | D:1      | Reached XP level 2. HP: 27/27 MP: 1/1
   556 | D:2      | Reached skill level 4 in Maces & Flails
   617 | D:2      | Acquired Trog's second power
   811 | D:2      | Noticed Ijyb
   822 | D:2      | Killed Ijyb
   822 | D:2      | Reached XP level 3. HP: 31/33 MP: 2/2
  1797 | D:3      | Reached XP level 4. HP: 37/40 MP: 2/2
  2031 | D:3      | Reached skill level 5 in Maces & Flails
  2105 | D:3      | Reached XP level 5. HP: 47/47 MP: 2/2
  2112 | D:3      | Acquired Trog's third power
  2441 | D:3      | Received a gift from Trog
  2682 | D:4      | Reached XP level 6. HP: 50/55 MP: 3/3
  2799 | D:4      | Reached skill level 6 in Maces & Flails
  2826 | D:4      | Reached skill level 5 in Fighting
  3256 | D:4      | Reached XP level 7. HP: 61/61 MP: 3/3
  3407 | D:4      | Noticed an ogre
  3411 | D:4      | Killed an ogre
  3411 | D:4      | Reached skill level 7 in Maces & Flails
  3744 | D:5      | Entered Level 5 of the Dungeon
  3849 | D:5      | Noticed Pikel
  3858 | D:5      | Reached skill level 5 in Armour
  3920 | D:5      | Killed Pikel
  3920 | D:5      | Reached skill level 8 in Maces & Flails
  3920 | D:5      | Reached XP level 8. HP: 45/70 MP: 3/3
  4025 | D:5      | Reached skill level 5 in Dodging
  4532 | D:5      | Noticed Eustachio
  4582 | D:5      | Killed Eustachio
  4622 | D:5      | Noticed Prince Ribbit
  4641 | D:5      | HP: 1/85 [Prince Ribbit (19)]
  4642 | D:5      | Slain by Prince Ribbit

Action                   |  1- 3 |  4- 6 |  7- 9 || total
-------------------------+-------+-------+-------++-------
Melee: Mace              |    85 |   143 |    59 ||   287
       Whip              |       |       |   126 ||   126
       Unarmed           |       |       |     1 ||     1
Invok: Berserk           |       |     1 |       ||     1
       Trog's Hand       |       |     1 |       ||     1
       Brothers in Arms  |       |       |     1 ||     1
  Use: Scroll            |    10 |     1 |     6 ||    17
       Potion            |       |       |     1 ||     1
  Eat: Bread ration      |     1 |     1 |       ||     2
       Fruit             |       |       |     5 ||     5
